 Dungeon Crawl Stone Soup version 0.18.1-8-gdd0e5ea (webtiles) character file.

93 Implojin the Insei (level 4, -2/35 HPs)
             Began as a Mummy Monk on May 22, 2016.
             Slain by an adder (5 damage)
             ... on level 2 of the Dungeon.
             The game lasted 00:04:46 (2974 turns).

Implojin the Insei (Mummy Monk)                     Turns: 2974, Time: 00:04:47

Health: -2/35      AC:  0    Str: 14    XL:     4   Next: 36%
Magic:  4/4        EV: 13    Int:  9    God:
Gold:   89         SH:  0    Dex: 15    Spells: 0 memorised, 3 levels left

rFire  x . .     SeeInvis .       - Unarmed
rCold  + . .     Gourm    .     (no armour)
rNeg   + + +     Faith    .     (no shield)
rPois  ∞         Spirit   .     (no helmet)
rElec  .         Dismiss  .     (no cloak)
rCorr  .         Reflect  .     (no gloves)
SustAt .         Harm     .     (no boots)
MR     .....                    (no amulet)
Stlth  ++........               (no ring)
                                (no ring)

@: not resistant to hostile enchantments, unstealthy
A: no food or potions, fire vulnerability, cold resistance 1, negative energy
resistance 3, torment resistance, unbreathing
a: no special abilities


You were on level 2 of the Dungeon.
You were not hungry.

You visited 1 branch of the dungeon, and saw 3 of its levels.

You collected 89 gold pieces.

Inventory:

Armour
 j - a +0 shield
Jewellery
 g - an uncursed ring of ice {unknown}
Scrolls
 a - 4 scrolls of identify {unknown}
 e - a scroll of fog {unknown}
 f - a scroll of recharging {unknown}
 h - a scroll of teleportation {unknown}
 i - a scroll of random uselessness {unknown}


   Skills:
 - Level 3.0 Fighting
 - Level 2.4 Dodging
 - Level 1.5 Stealth
 * Level 4.8 Unarmed Combat


You had 3 spell levels left.
You didn't know any spells.

Dungeon Overview and Level Annotations

Branches:
Dungeon (3/15)

Altars:


Innate Abilities, Weirdness & Mutations

You do not eat or drink.
Your flesh is vulnerable to fire.
You are immune to poison.
Your flesh is cold resistant.
You are immune to negative energy.
You are immune to unholy pain and torment.
You can survive without breathing.


Message History

You kill the rat!
There is a stone staircase leading down here.
There is a stone staircase leading down here.
There is a stone staircase leading down here.
You climb downwards.
The adder bites you. The goblin barely misses you. The adder bites you.
There is a stone staircase leading up here.
Unknown command.
You closely miss the adder. The adder bites you. The goblin hits you.
* * * LOW HITPOINT WARNING * * *
The adder bites you.
* * * LOW HITPOINT WARNING * * *
The goblin hits you.
* * * LOW HITPOINT WARNING * * *
You climb upwards.
There is a stone staircase leading down here.
Unknown command.
The adder bites you.
* * * LOW HITPOINT WARNING * * *
The adder closely misses you. The adder bites you.
* * * LOW HITPOINT WARNING * * *
You barely miss the adder. The adder closely misses you.
You closely miss the adder. The adder bites you.
* * * LOW HITPOINT WARNING * * *
You miss the adder. The adder bites you.
* * * LOW HITPOINT WARNING * * *
The adder barely misses you.
You hit the adder.
The adder is heavily wounded.
The adder closely misses you.
Unknown command.
You barely miss the adder.
The adder is heavily wounded.
The adder bites you.
* * * LOW HITPOINT WARNING * * *
You hit the adder.
The adder is almost dead.
The adder bites you.
You die...

#.###.#>##.......##.#
#.......##.......##.#
###......#.......##.#####
#.#.##.#...<...##.#...#
#.#.##.#.......##......
#.#.##.#.......##......
#.#.##.####.######.....
#.#.#.......## ##...#
#.....@###...# ##.##
###.#S####...### #.# #
#.#g.........#####.# ##
#.#..#.............##
.####
#........>...#####...
....# ###..#......## #.##
##..####### #>.>......#
#.## #.#...†...#
##........# ##.#.
.########.### ###......#
#....


You could see an adder and a goblin.

Vanquished Creatures
  3 adders (D:2)
  An ooze (D:1)
  A worm (D:2)
  3 dart slugs (D:1)
  A giant gecko (D:1)
  5 bats
  4 giant cockroaches
  4 goblins
  8 hobgoblins
  3 jackals (D:1)
  4 kobolds
  3 giant newts
  10 rats
50 creatures vanquished.

Notes
Turn   | Place    | Note
--------------------------------------------------------------
     0 | D:1      | Implojin the Mummy Monk began the quest for the Orb.
     0 | D:1      | Reached XP level 1. HP: 18/18 MP: 1/1
   407 | D:1      | Reached XP level 2. HP: 17/24 MP: 2/2
   822 | D:1      | Reached skill level 4 in Unarmed Combat
   881 | D:1      | Reached XP level 3. HP: 26/29 MP: 3/3
  1893 | D:2      | Reached XP level 4. HP: 29/35 MP: 4/4
  2603 | D:2      | HP: 1/35 [giant gecko (1)]
  2974 | D:2      | Slain by an adder

Skill      XL: |  1  2 |
---------------+-------+-----
Unarmed Combat | 4 |  4.8
Fighting       | |  3.0
Dodging        | |  2.4
Stealth        | |  1.5

Action                   |  1- 3 |  4- 6 || total
-------------------------+-------+-------++-------
Melee: Unarmed           |   140 |    37 ||   177
       Punch             |     4 |       ||     4
  Use: Scroll            |       |     3 ||     3
 Stab: Sleeping          |     4 |     4 ||     8
Dodge: Dodged            |    88 |    17 ||   105
Block: Shield            |       |     4 ||     4

Table legend:
 A = Turns spent in this place as a percentage of turns spent in the entire game.
 B = Non-inter-level travel turns spent in this place as a percentage of non-inter-level travel turns spent in the entire game.
 C = Inter-level travel turns spent in this place as a percentage of turns spent in this place.
 D = Turns resting spent in this place as a percentage of non-inter-level travel turns spent in this place.
 E = Turns spent auto-exploring this place as a percentage of non-inter-level travel turns spent in this place.
 F = Non-inter-level travel turns spent in this place divided by the number of levels of this place that you've seen.
                   A       B       C       D       E      F
               +-------+-------+-------+-------+-------+----------------------
         Total | 100.0 | 100.0 |   0.7 |   5.5 |   8.4 | 229.0
       Dungeon | 100.0 | 100.0 |   0.7 |   5.5 |   8.4 | 229.0
               +-------+-------+-------+-------+-------+----------------------

Table legend:
 A = Kills in this place as a percentage of kills in entire the game.
 B = Kills by you in this place as a percentage of kills by you in the entire game.
 C = Kills by friends in this place as a percentage of kills by friends in the entire game.
 D = Other kills in this place as a percentage of other kills in the entire game.
 E = Experience gained in this place as a percentage of experience gained in the entire game.
 F = Experience gained in this place divided by the number of levels of this place that you have seen.
                   A       B       C       D       E      F
               +-------+-------+-------+-------+-------+----------------------
         Total | 100.0 | 100.0 |  -nan |  -nan | 100.0 |  44.3
       Dungeon | 100.0 | 100.0 |  -nan |  -nan | 100.0 |  44.3
               +-------+-------+-------+-------+-------+----------------------
